 Dungeon Crawl Stone Soup version 0.28-a0-969-g2dcde036d2 (webtiles) character file.

Game seed: 12342091007373588264

1509 HessuHobo the Ogre Mage (level 8, -6/67 HPs)
             Began as an Ogre Fire Elementalist on Dec 1, 2021.
             Shot with an arrow by a centaur (11 damage)
             ... on level 7 of the Dungeon.
             The game lasted 00:14:30 (8137 turns).

HessuHobo the Ogre Mage (Ogre Fire Elementalist)    Turns: 8137, Time: 00:14:31

Health: -6/67      AC:  3    Str: 13    XL:     8   Next: 83%
Magic:  6/18       EV:  9    Int: 18    God:
Gold:   411        SH:  0    Dex:  9    Spells: 15/21 levels left

rFire   + . .      SeeInvis .   B - +3 scimitar
rCold   x . .      Faith    +   (no shield)
rNeg    . . .      Spirit   .   a - +0 robe
rPois   +          Reflect  .   (helmet restricted)
rElec   .          Harm     .   (no cloak)
rCorr   .          Rampage  .   (gloves unavailable)
Will    .....                   (boots unavailable)
Stlth   +.........              x - amulet of faith
HPRegen 0.21/turn               e - ring of fire
MPRegen 0.16/turn               d - ring of poison resistance

@: lit by a corona, glowing
A: large, unfitting armour, tough skin 1
a: no special abilities


You were on level 7 of the Dungeon.
You visited 1 branch of the dungeon, and saw 7 of its levels.

You collected 411 gold pieces.

Inventory:

Hand Weapons
 f - a +0 hand axe
 B - a +3 scimitar (weapon)
Armour
 a - a +0 robe (worn)
Jewellery
 d - a ring of poison resistance (right hand)
 e - a ring of fire (left hand)
 x - an amulet of faith (around neck)
Wands
 g - a wand of acid (9)
 v - a wand of iceblast (12)
 y - a wand of mindburst (8)
Scrolls
 h - a scroll of holy word
 i - 4 scrolls of teleportation
 k - 2 scrolls of magic mapping
 m - 2 scrolls of noise
 o - a scroll of fog
 p - a scroll of immolation
 r - a scroll of vulnerability {unknown}
 s - a scroll of acquirement {unknown}
 t - a scroll of enchant armour {unknown}
Potions
 b - a potion of degeneration
 l - 7 potions of curing
 n - a potion of brilliance
 q - a potion of attraction
 u - a potion of ambrosia
 w - 2 potions of mutation
 z - 2 potions of lignification
 A - a potion of heal wounds


   Skills:
 - Level 1.7 Dodging
 - Level 1.4 Stealth
 - Level 7.1 Spellcasting
 + Level 5.5 Conjurations
 + Level 6.1 Fire Magic
 + Level 1.2 Evocations


You had 15 spell levels left.
You knew the following spells:

 Your Spells              Type           Power      Damage    Failure   Level
a - Foxfire               Conj/Fire      100%       2x1d9     1%          1
b - Scorch                Fire           84%        2d9       1%          2
c - Conjure Flame         Conj/Fire      41%        6-21      3%          3

Your spell library contained the following spells:

 Spells                   Type           Power      Damage    Failure   Level
 Static Discharge         Conj/Air       16%        N/A       5%          2
 Inner Flame              Hex/Fire       26%        N/A       9%          3
 Flame Wave               Conj/Fire      41%        2d8       10%         4
 Sticky Flame             Conj/Fire      41%        2d6       10%         4
 Animate Skeleton         Necr           12%        N/A       11%         1
 Apportation              Tloc           12%        N/A       11%         1
 Sting                    Tmut/Pois      24%        1d4       11%         1
 Summon Small Mammal      Summ           24%        N/A       11%         1
 Poisonous Vapours        Pois/Air       12%        N/A       16%         2
 Dispel Undead            Necr           6%         3d8       71%         4
 Olgreb's Toxic Radiance  Pois           6%         N/A       71%         4


Dungeon Overview and Level Annotations

Branches:
Dungeon (7/15)
 Temple: D:4-7

Altars:

Shops:
D:1 (


Innate Abilities, Weirdness & Mutations

You are too large for most types of armour.
You have tough skin. (AC +1)


Message History

You climb downwards.
There is a stone staircase leading up, spattered with blood here.
Casting: Scorch (safe; 1% risk of failure)
Confirm with . or Enter, or press ? or * to list all spells.
You feel a surge of power!
Flames lash the gnoll shaman.
The gnoll shaman is severely wounded.
The gnoll shaman's fire resistance burns away.
The centaur hits you.
* * * LOW HITPOINT WARNING * * *
The centaur barely misses you. The bullfrog hits you.
* * * LOW HITPOINT WARNING * * *
The gnoll shaman hits you but does no damage.
Casting: Scorch (safe; 1% risk of failure)
Confirm with . or Enter, or press ? or * to list all spells.
You feel a surge of power!
Flames lash the bullfrog.
The bullfrog is heavily wounded.
The bullfrog's fire resistance burns away.
The centaur hits you.
* * * LOW HITPOINT WARNING * * *
The centaur kicks you but does no damage.
The bullfrog hits you.
* * * LOW HITPOINT WARNING * * *
The centaur barely misses you. x2
The gnoll shaman utters an invocation to its god.
The gnoll shaman is healed somewhat.
The bullfrog hits you.
* * * LOW HITPOINT WARNING * * *
Okay, then.
Welcome back, HessuHobo the Ogre Fire Elementalist.
Press ? for a list of commands and other information.
Unknown command.
Are you sure you want to abandon this character and quit the game? (Confirm with "yes".)
Okay, then.
Okay, then.
Blink to where?
Press: ? - help, Dir - move target
As you read the scroll of blinking, it crumbles to dust.
As you read the scroll of fog, it crumbles to dust.
The scroll dissolves into smoke.
The centaur wields a +0 shortbow.
The centaur shoots an arrow.
The arrow hits you!
You die...

.....# #....#
#....# #....#
#....# #.§..#
#§§§.#
#.......##§@§.#
#.........§§§.#
#.........§...#
#.............#
#.............#
#.....F..[....#
..##...c.........#
.......<.........#
..##..g....≈#..


You could see a bullfrog (combustible) and a centaur (combustible).

Vanquished Creatures
  Grinder (D:5)
  2 ice beasts
  A sky beast (D:6)
  A black bear (D:4)
  A necrophage (D:6)
  A centaur (D:6)
  3 scorpions
  4 wights (D:6)
  A hound (D:6)
  An orc priest (D:5)
  An orc wizard (D:5)
  21 gnolls
  5 adders
  2 shadow imps (D:6)
  A white imp (D:5)
  A worm (D:4)
  A dart slug (D:5)
  10 orcs
  8 ball pythons
  3 bats
  5 endoplasms
  5 giant cockroaches
  10 goblins
  4 hobgoblins
  2 jackals (D:6)
  3 quokkas
  4 frilled lizards
  A jackal skeleton (D:4)
  5 kobolds
  4 rats
112 creatures vanquished.

Vanquished Creatures (collateral kills)
  2 foxfires (D:1)
2 creatures vanquished.

Vanquished Creatures (others)
  278 foxfires
  3 plants (D:1)
281 creatures vanquished.

Grand Total: 395 creatures vanquished

Notes
Turn   | Place    | Note
-------+----------+-------------------------------------------
     0 | D:1      | HessuHobo the Ogre Fire Elementalist began the quest for
                  | the Orb.
     0 | D:1      | Reached XP level 1. HP: 16/16 MP: 3/3
   296 | D:1      | Reached skill level 1 in Conjurations
   572 | D:1      | Reached XP level 2. HP: 24/24 MP: 2/5
   702 | D:1      | Found Rivos's Antique Weapon Boutique.
   807 | D:1      | HP: 1/24 [frozen (7)]
  1125 | D:1      | Found a faded altar of an unknown god.
  1589 | D:2      | Reached XP level 3. HP: 31/31 MP: 4/7
  1634 | D:2      | You fall into a shaft and drop 2 floors!
  1639 | D:4      | Reached skill level 3 in Spellcasting
  2202 | D:2      | Learned a level 2 spell: Scorch
  2445 | D:2      | Reached XP level 4. HP: 38/39 MP: 5/8
  3886 | D:3      | Noticed a scorpion
  3895 | D:3      | Killed a scorpion
  3896 | D:3      | Reached XP level 5. HP: 13/45 MP: 0/10
  3903 | D:3      | HP: 2/45 [poisoned by a scorpion]
  4485 | D:4      | Noticed a black bear
  4588 | D:4      | Reached skill level 4 in Spellcasting
  4599 | D:5      | Entered Level 5 of the Dungeon
  4690 | D:5      | Reached XP level 6. HP: 12/53 MP: 5/12
  4881 | D:5      | Noticed an ice beast
  5512 | D:4      | Reached skill level 5 in Spellcasting
  5516 | D:4      | Reached XP level 7. HP: 54/59 MP: 2/14
  6425 | D:5      | Noticed Grinder
  6429 | D:5      | Killed Grinder
  6430 | D:5      | Reached skill level 5 in Fire Magic
  7049 | D:6      | Reached skill level 6 in Spellcasting
  7049 | D:6      | Reached XP level 8. HP: 67/67 MP: 11/17
  7406 | D:6      | Reached skill level 5 in Conjurations
  7443 | D:6      | Identified the +4 chain mail of the Spider Nest {*Corrode
                  | rElec rPois Will++}
  7798 | D:6      | Reached skill level 7 in Spellcasting
  8024 | D:6      | Reached skill level 1 in Evocations
  8055 | D:6      | Learned a level 3 spell: Conjure Flame
  8137 | D:7      | Shot with an arrow by a centaur

Illustrated notes

Levels and vault maps discovered:
D:1:      denvon_arrival_planthouse, layout_basic, serial_shops,
          nicolae_shop_statue_plus, hellmonk_ecumenical_altar_leap_of_faith,
          serial_bayou_ford_a, hangedman_decor_lopped, serial_park_tiny_1,
          dk_noncrumbling_3
D:2:      layout_basic
D:3:      layout_rooms, guppyfry_early_lair_pool
D:4:      layout_cave_pools
D:5:      layout_loops_ring, uniq_grinder
D:6:      layout_cave_pools, gammafunk_temple_overflow_elements,
          serial_gnoll_camp, gnoll_camp_mini_hut, gnoll_camp_mini_doghouse,
          gnoll_camp_mini_house, gnoll_camp_mini_hut, gnoll_camp_medium_02
D:7:      layout_gridville, minmay_temple_entry_wispy, serial_rivers,
          chequers_serial_rivers_micro_a, chequers_serial_rivers_micro_e,
          chequers_serial_rivers_small_a, chequers_serial_rivers_small_a,
          chequers_serial_rivers_micro_e, chequers_serial_rivers_marsh,
          grunt_ministairs_6

Skill      XL: |  1  2  3  4  5  6  7  8 |
---------------+-------------------------+-----
Conjurations   | 1 2 3 4 5 |  5.5
Fire Magic     | 3 4 5 6 |  6.1
Spellcasting   | 3 4 5 6 7 |  7.1
Evocations     | 1 |  1.2
Dodging        | |  1.7
Stealth        | |  1.4

Action                   |  1- 3 |  4- 6 |  7- 9 || total
-------------------------+-------+-------+-------++-------
Melee: Hand axe          |    17 |    13 |     1 ||    31
 Cast: Foxfire           |    55 |    55 |    64 ||   174
       Scorch            |     4 |    43 |    37 ||    84
       Conjure Flame     |       |       |     1 ||     1
  Use: Potion            |       |     5 |       ||     5
       Scroll            |       |     9 |     5 ||    14
Armor: Robe              |    23 |     4 |    12 ||    39
Dodge: Dodged            |    27 |    19 |    28 ||    74

Table legend: (Time is in decaauts)
 A = Elapsed time spent in this place.
 B = Non-inter-level travel time spent in this place.
 C = Inter-level travel time spent in this place.
 D = Time resting spent in this place.
 E = Time spent auto-exploring this place.
 F = Levels seen in this place.
 G = Mean time per level.
                   A        B        C        D        E       F      G
               +--------+--------+--------+--------+--------+-----+--------+
         Total |   8168 |   8043 |    125 |   3899 |   2731 |   7 | 1166.9 |
       Dungeon |   8168 |   8043 |    125 |   3899 |   2731 |   7 | 1166.9 |
               +--------+--------+--------+--------+--------+-----+--------+

Top non-repeatable levels by time:
     D:3: 1469 daAuts
     D:1: 1438 daAuts
     D:5: 1416 daAuts
     D:2: 1354 daAuts
     D:4: 1238 daAuts
     D:6: 1238 daAuts
     D:7: 12 daAuts
